 Dungeon Crawl Stone Soup version 0.19.4-8-ga85b6b9 (webtiles) character file.

358 Naow the Caller (level 6, -5/32 HPs)
             Began as a Deep Elf Summoner on Feb 11, 2017.
             Slain by donomii's ghost (21 damage)
             ... on level 5 of the Dungeon.
             The game lasted 00:09:04 (6285 turns).

Naow the Caller (Deep Elf Summoner)                 Turns: 6285, Time: 00:09:05

Health: -5/32      AC:  2    Str:  5    XL:     6   Next: 37%
Magic:  10/17      EV: 13    Int: 22    God:
Gold:   403        SH:  0    Dex: 15    Spells: 4 memorised, 7 levels left

rFire  . . .     SeeInvis .     (no weapon)
rCold  . . .     Gourm    +     a - +0 robe
rNeg   . . .     Faith    .     (no shield)
rPois  +         Spirit   .     (no helmet)
rElec  .         Reflect  .     (no cloak)
rCorr  .         Harm     .     (no gloves)
MR     .....                    (no boots)
Stlth  ++........               s - amulet of the gourmand
                                (no ring)
                                h - ring of poison resistance

@: no status effects
A: no striking features
a: no special abilities


You were on level 5 of the Dungeon.
You were completely stuffed.

You visited 1 branch of the dungeon, and saw 5 of its levels.

You collected 403 gold pieces.

Inventory:

Armour
 a - a +0 robe (worn)
Jewellery
 h - a ring of poison resistance (left hand)
 s - an amulet of the gourmand (around neck)
Wands
 t - a wand of hasting (5/9)
 v - a wand of lightning (5/15)
 x - a wand of acid (12/15)
Scrolls
 e - a scroll of fear {unknown}
 i - a scroll of enchant weapon {unknown}
 j - 3 scrolls of remove curse {unknown}
 k - 2 scrolls of random uselessness {unknown}
 n - 8 scrolls of identify {unknown}
 p - a scroll of enchant armour {unknown}
 q - a scroll of fog {unknown}
 u - 2 scrolls of recharging {unknown}
Potions
 g - a potion of flight {unknown}
 l - a potion of degeneration {unknown}
 m - a potion of mutation {unknown}
 o - a potion of berserk rage {unknown}
Books
 b - a book of Callings

   Spells                             Type                      Level
   a - Summon Small Mammal            Summoning                    1
   b - Call Imp                       Summoning                    2
   c - Call Canine Familiar           Summoning                    3
   d - Summon Guardian Golem          Hexes/Summoning              3
   e - Summon Lightning Spire         Summoning/Air                4
   f - Summon Ice Beast               Ice/Summoning                4
 r - a book of Changes

   Spells                             Type                      Level
   a - Beastly Appendage              Transmutation                1
   b - Sticks to Snakes               Transmutation                2
   c - Spider Form                    Transmutation/Poison         3
   d - Ice Form                       Ice/Transmutation            4
   e - Blade Hands                    Transmutation                5
Comestibles
 c - 4 bread rations
 d - a beef jerky
 f - 4 meat rations
 w - a slice of pizza
 z - 7 chunks of flesh


   Skills:
 - Level 2.7 Dodging
 - Level 2.8 Stealth
 - Level 0.1 Unarmed Combat
 + Level 6.1 Spellcasting
 * Level 6.9 Summonings


You had 7 spell levels left.
You knew the following spells:

 Your Spells              Type           Power        Failure   Level  Hunger
a - Summon Small Mammal   Summ           ####         1%          1    None
b - Call Imp              Summ           #####...     1%          2    None
c - Call Canine Familiar  Summ           #####...     1%          3    #......
d - Summon Ice Beast      Ice/Summ       ###.....     21%         4    ###....


Dungeon Overview and Level Annotations

Branches:
Dungeon (5/15)
 Temple: D:4-7

Altars:
Ru

Annotations:
D:5 donomii's ghost, novice TrNe


Message History

The frilled lizard completely misses your crimson imp.
Donomii's ghost whispers, "It is all a dream - a grotesque and foolish dream."
Your crimson imp blinks!
Your wolf bites donomii's ghost but does no damage.
Donomii's ghost shouts, "You will join me soon!"
Casting: Call Canine Familiar
Confirm with . or Enter, or press ? or * to list all spells.
Your wolf disappears in a puff of smoke!
Donomii's ghost closely misses you.
Casting: Call Canine Familiar
Confirm with . or Enter, or press ? or * to list all spells.
A beastly little devil appears in a puff of flame.
Your hound bites donomii's ghost but does no damage.
Donomii's ghost hits you!
Ouch! That really hurt!
Something bites your crimson imp but does no damage.
Your hound bites donomii's ghost but does no damage.
Donomii's ghost hits you!!
Ouch! That really hurt!
You die...

#.#........
..#......(#
#.########.
###.#...l...###
.........
.......§...?...
#.####### #######5 #.#
#.# #####+#.....#.##.#
#.# #...........#..#l#
#.# #.........5.##..##
#.####...........##5##
#.#.............@Wh##
#................###
....##....[......#
###..####.....####
#...# #.....#
##'##.........'
#.##.........#
#.##.........#
;#≈##.......#..#


You could see donomii's ghost, a friendly hound and 2 friendly crimson imps.

Vanquished Creatures (collateral kills)
  The ghost of Elizilla the Sneak, an amateur OpAs of Dithmenos (D:4)
  Blork the orc (D:4)
  A hound (D:4)
  3 orc wizards (D:4)
  2 worker ants (D:4)
  A hound skeleton (D:5)
  4 gnolls (D:2)
  9 adders
  A shadow imp (D:5)
  2 oozes (D:2)
  2 worms
  2 adder skeletons (D:4)
  An adder zombie (D:5)
  3 dart slugs
  A leopard gecko (D:2)
  17 orcs
  2 bats
  2 giant cockroaches
  8 goblins
  6 hobgoblins
  6 jackals
  A ball python (D:2)
  7 frilled lizards
  2 kobolds
  A quokka skeleton (D:4)
  8 rats
94 creatures vanquished.

Notes
Turn   | Place    | Note
-------+----------+-------------------------------------------
     0 | D:1      | Naow the Deep Elf Summoner began the quest for the Orb.
     0 | D:1      | Reached XP level 1. HP: 10/10 MP: 6/6
   508 | D:1      | Reached XP level 2. HP: 7/15 MP: 4/8
   702 | D:1      | Learned a level 2 spell: Call Imp
  1619 | D:2      | Reached skill level 5 in Summonings
  1624 | D:2      | Reached XP level 3. HP: 14/19 MP: 1/10
  1858 | D:2      | Learned a level 3 spell: Call Canine Familiar
  2662 | D:2      | Reached XP level 4. HP: 11/24 MP: 1/12
  4066 | D:3      | Found a sacrificial altar of Ru.
  4419 | D:4      | Noticed Elizilla's ghost (amateur OpAs)
  4431 | D:4      | Killed Elizilla's ghost
  4431 | D:4      | Reached skill level 5 in Spellcasting
  4431 | D:4      | Reached XP level 5. HP: 20/28 MP: 4/14
  4771 | D:4      | Learned a level 4 spell: Summon Ice Beast
  5243 | D:4      | Noticed Blork the orc
  5263 | D:4      | Killed Blork the orc
  5263 | D:4      | Reached XP level 6. HP: 32/32 MP: 7/16
  6115 | D:5      | Entered Level 5 of the Dungeon
  6272 | D:5      | Noticed donomii's ghost (novice TrNe)
  6285 | D:5      | Slain by donomii's ghost

Skill      XL: |  1  2  3  4  5  6 |
---------------+-------------------+-----
Summonings     | 5 6 |  6.9
Spellcasting   | 4 5 6 |  6.1
Dodging        | |  2.7
Stealth        | |  2.8
Unarmed Combat | |  0.1

Action                   |  1- 3 |  4- 6 || total
-------------------------+-------+-------++-------
Melee: Unarmed           |    10 |     7 ||    17
 Cast: Summon Small Mamm |    72 |    95 ||   167
       Call Imp          |    10 |    18 ||    28
       Call Canine Famil |     4 |    15 ||    19
  Use: Potion            |       |     2 ||     2
  Eat: Chunk             |     4 |    21 ||    25
       Pizza             |     1 |       ||     1
Armor: Robe              |    10 |     5 ||    15
Dodge: Dodged            |    45 |    39 ||    84
